 Dungeon Crawl Stone Soup version 0.31-a0-313-g785cd24033 (webtiles) character file.

Game seed: 7312817452580921877

327 AdnanSaban the Shield-Bearer (level 6, 0/38 HPs)
             Began as a Gargoyle Fighter on July 17, 2023.
             Slain by a bullfrog (3 damage)
             ... in a sewer.
             The game lasted 00:05:58 (4059 turns).

AdnanSaban the Shield-Bearer (Gargoyle Fighter)     Turns: 4059, Time: 00:05:58

Health: 0/38       AC: 13    Str: 21    XL:     6   Next: 50%
Magic:  6/6        EV:  4    Int:  9    God:
Gold:   118        SH: 12    Dex:  9    Spells: 5/5 levels left

rFire   . . .        a - +0 flail
rCold   . . .        f - +0 tower shield
rNeg    + . .        b - +0 scale mail
rPois   ∞            (no helmet)
rElec   +            (no cloak)
rCorr   .            k - +1 pair of gloves
SInv    .            (no boots)
Will    +....        (no amulet) Stlth
                     (no ring)
HPRegen 0.26/turn    (no ring)
MPRegen 0.10/turn

%: no passive effects
@: enlightened, flying, constricted
A: sickness immunity, AC +4, negative energy resistance 1, electricity
resistance, torment resistance 1, petrification resistance
a: no special abilities


You were in a sewer.
You visited 1 branch of the dungeon, and saw 4 of its levels.
You also visited: Sewer.

You collected 118 gold pieces.

Inventory:

Hand Weapons
 a - a +0 flail (weapon)
Armour
 b - a +0 scale mail (worn)
 f - a +0 tower shield (worn)
 k - a +1 pair of gloves (worn)
Jewellery
 g - a ring of ice
 o - a ring of protection from cold
Scrolls
 c - a scroll of fog {unknown}
 e - 3 scrolls of identify {unknown}
 h - a scroll of revelation {unknown}
 j - a scroll of noise {unknown}
 l - a scroll of enchant armour {unknown}
 m - 2 scrolls of teleportation {unknown}
 n - a scroll of fear {unknown}
 p - a scroll of enchant weapon {unknown}
Potions
 d - a potion of might
 i - 2 potions of enlightenment


   Skills:
 + Level 4.1 Fighting
 + Level 4.1 Maces & Flails
 + Level 4.4 Armour
 + Level 5.2 Shields


You had 5 spell levels left.
You didn't know any spells.
Your spell library contained the following spells:

 Spells                   Type           Power      Damage    Failure   Level
 Freeze                   Ice            0%         1d3       100%        1
 Frozen Ramparts          Ice            0%         1d1       100%        3
 Hailstorm                Conj/Ice       0%         3d3       100%        3


Dungeon Overview and Level Annotations

Branches:
Dungeon (4/15)              Sewer (1/1)
 Temple: D:4-7

Altars:

Shops:
D:4 =


Innate Abilities, Weirdness & Mutations

You are immune to sickness and miasma.
Your stone body is resilient. (AC +4)
You are immune to poison.
You resist negative energy. (rN+)
You are resistant to electric shocks. (rElec)
You are resistant to unholy torment.
You are immune to petrification.


Message History

The bullfrog hits you but does no damage.
The ball python attacks as you move away!
You block the ball python's attack. x2
The bullfrog hits you but does no damage. x2
The ball python bites you but does no damage.
The ball python grabs you. The ball python constricts you.
You escape the ball python's grasp.
The bullfrog attacks as you move away!
The bullfrog hits you but does no damage.
The bullfrog hits you.
* * * LOW HITPOINT WARNING * * *
The bullfrog attacks as you move away! The bullfrog hits you.
* * * LOW HITPOINT WARNING * * *
The bullfrog swells and bulges.
The bullfrog completely misses you.
The bullfrog hits you but does no damage.
The bullfrog attacks as you move away!
The bullfrog hits you but does no damage. x2
The ball python bites you but does no damage.
You block the ball python's attack. The bullfrog attacks as you move away!
You block the bullfrog's attack.
The ball python bites you but does no damage.
You block the ball python's attack.
The bullfrog hits you but does no damage.
You block the bullfrog's attack.
The bullfrog hits you but does no damage.
The bullfrog attacks as you move away!
The bullfrog hits you but does no damage.
The adder attacks as you move away! The adder bites you but does no damage.
You block the ball python's attack. x2
The bullfrog hits you but does no damage.
The ball python attacks as you move away!
You block the ball python's attack. x2; The adder attacks as you move away!
The adder barely misses you. You block the bullfrog's attack.
The adder bites you but does no damage. You block the bullfrog's attack.
The ball python bites you but does no damage.
The ball python grabs you. The ball python constricts you.
You block the bullfrog's attack. You block the adder's attack.
Okay, then.
You closely miss the ball python. The bullfrog hits you.
You die...

#≈# #≈# #≈#
###≈######################
#..≈.~~~.@SF~......~~~~.~.
#.~≈~~~~SSF≈~~~~~~~~~~~~~~
#.~≈≈≈≈≈≈≈≈≈≈≈≈≈≈≈≈≈≈≈≈≈≈≈
#.~~~~~~~≈~~~~~~~~~~~~~~~~
#..~~~~~~≈~.~~...~~~~.....
##.~~##~~≈~~##############
#~~~##~~≈~~# #~~~##~~≈~.#
#.~~##.~≈~.# #####


You could see 2 bullfrogs, an adder and 2 ball pythons.

Vanquished Creatures
  A scorpion (D:4)
  A jelly (D:4)
  An orc priest (D:3)
  8 adders
  An ufetubus (D:3)
  3 worms
  A dart slug (D:3)
  13 orcs
  5 bats
  10 endoplasms
  13 giant cockroaches
  5 goblins
  8 hobgoblins
  6 quokkas
  8 ball pythons
  5 frilled lizards
  12 kobolds
  6 rats
107 creatures vanquished.

Notes
Turn   | Place    | Note
-------+----------+-------------------------------------------
     0 | D:1      | AdnanSaban the Gargoyle Fighter began the quest for the
                  | Orb.
     0 | D:1      | Reached XP level 1. HP: 14/14 MP: 1/1
   265 | D:1      | Reached XP level 2. HP: 19/19 MP: 2/2
   830 | D:1      | Reached XP level 3. HP: 21/23 MP: 3/3
  1439 | D:2      | Reached skill level 4 in Shields
  1439 | D:2      | Reached XP level 4. HP: 28/29 MP: 4/4
  2362 | D:3      | Reached XP level 5. HP: 15/33 MP: 5/5
  3393 | D:4      | Reached skill level 5 in Shields
  3393 | D:4      | Reached XP level 6. HP: 38/38 MP: 6/6
  3713 | D:4      | Found Keplaula's Jewellery Shoppe.
  3743 | D:4      | Found a glowing drain.
  3759 | Sewer    | Entered a sewer
  4052 | Sewer    | HP: 1/38 [bullfrog (2)]
  4059 | Sewer    | Slain by a bullfrog

Illustrated notes

Levels and vault maps discovered:
D:1:      dpeg_arrival_water_temple_mockup, layout_basic
D:2:      minmay_inner_zag, layout_loops_ring, amcnicky_mini_pool_small,
          lexackson_kobold_supper
D:3:      layout_loops_ring
D:4:      layout_loops_cross, serial_shops, nicolae_shop_advertising_works
          [nicolae_subvault_shop_adworks], cheibrodos_sewer_entry_bend,
          grunt_decor_one_mirror, minmay_misc_feat_x
Sewer:    sewer_frog_island_01

Skill      XL: |  1  2  3  4  5  6 |
---------------+-------------------+-----
Shields        | 4 5 |  5.2
Maces & Flails | 3 4 |  4.1
Armour         | 4 |  4.4
Fighting       | 4 |  4.1

Action                     |  1- 3 |  4- 6 || total
---------------------------+-------+-------++-------
  Melee: Flail             |   141 |   424 ||   565
    Use: Potion            |       |     1 ||     1
 Armour: Scale mail        |    89 |   212 ||   301
  Dodge: Dodged            |    51 |   100 ||   151
  Block: Buckler           |     5 |       ||     5
         Tower shield      |    86 |   280 ||   366

Table legend: (Time is in decaauts)
 A = Elapsed time spent in this place.
 B = Non-inter-level travel time spent in this place.
 C = Inter-level travel time spent in this place.
 D = Time resting spent in this place.
 E = Time spent auto-exploring this place.
 F = Levels seen in this place.
 G = Mean time per level.
                   A        B        C        D        E       F      G
               +--------+--------+--------+--------+--------+-----+--------+
         Total |   4381 |   4178 |    203 |      0 |   2914 |   5 |  876.2 |
       Dungeon |   4014 |   3811 |    203 |      0 |   2751 |   4 | 1003.5 |
         Sewer |    366 |    366 |      0 |      0 |    163 |   1 |  366.0 |
               +--------+--------+--------+--------+--------+-----+--------+

Top non-repeatable levels by time:
     D:1: 1248 daAuts
     D:2: 1184 daAuts
     D:3: 1024 daAuts
     D:4: 557 daAuts
   Sewer: 366 daAuts
